AoeStats
← Manolator

Arabia

509709680Analyzed
3v3 RM · 6d ago on Sep 27, 2026· 57m 31s· 6 players
Game mode
Random Map
Map size
Normal (6 player)
Population
200
Speed
Normal
Resources
Standard
Victory
Conquest
Starting age
Dark Age
Ending age
Imperial Age
RankedLock teamsTeams togetherTeam positionsShared explorationLock speedFull tech treeHidden civsTurbo modeCheats
Victory
Defeat
🇪🇸 Huns · Spain
871
+17
871
+17
🇪🇸 Ethiopians · Spain
871
+18
🇮🇳 Chinese · India
1090
-25
🇦🇺 Goths · Australia
829
-32
🇮🇳 Celts · India
806
-36
Manolator
0:36 Loom
10:55 Feudal Age
12:23 Wheelbarrow
11:37 Double-Bit Axe
11:53 Gold Mining
13:57 Horse Collar
17:27 Forging
18:28 Scale Barding Armor
19:53 Bloodlines
23:40 Castle Age
23:37 Fletching
23:48 Padded Archer Armor
24:47 Hand Cart
24:44 Bow Saw
24:38 Heavy Plow
24:33 Pikeman
25:57 Iron Casting
26:51 Gold Shaft Mining
26:23 Scale Mail Armor
26:30 Husbandry
29:30 Stone Mining
31:12 Thumb Ring
30:28 Elite Skirmisher
35:10 Light Cavalry
37:37 Chain Barding Armor
41:40 Imperial Age
40:01 Squires
39:47 Arson
40:06 Squires
39:52 Arson
40:29 Chain Mail Armor
40:09 Bodkin Arrow
40:30 Leather Archer Armor
43:24 Blast Furnace
42:24 Bracer
43:39 Two-Man Saw
43:08 Conscription
42:17 Capped Ram
42:58 Town Watch
43:11 Siege Ram
46:01 Plate Barding Armor
44:49 Cavalier
44:50 Hussar
46:20 Paladin
50:38 Chemistry
49:35 Murder Holes
53:25 Atheism
53:26 Town Patrol
53:59 Spies/Treason
General Guanche
2:43 Loom
11:25 Feudal Age
12:45 Wheelbarrow
12:28 Double-Bit Axe
17:54 Forging
17:45 Scale Mail Armor
17:36 Fletching
23:45 Castle Age
22:24 Fletching
25:45 Squires
27:26 Iron Casting
27:07 Chain Mail Armor
26:48 Bodkin Arrow
26:54 Padded Archer Armor
27:13 Arson
29:41 Crossbowman
30:28 Thumb Ring
31:30 Hand Cart
31:56 Bow Saw
33:48 Town Watch
40:03 Imperial Age
39:54 Ballistics
39:51 Masonry
40:34 Halberdier
47:55 Gold Mining
49:10 Two-Man Saw
47:54 Horse Collar
51:17 Chemistry
50:11 Stone Mining
51:00 Gold Shaft Mining
50:30 Heavy Plow
54:35 Arbalester
55:54 Conscription
ToroBravoPocoPeloMuchoRabo
7:48 Loom
10:42 Feudal Age
11:08 Double-Bit Axe
12:01 Wheelbarrow
11:12 Town Watch
11:54 Horse Collar
18:33 Bloodlines
23:47 Castle Age
26:01 Bow Saw
26:13 Hand Cart
25:52 Gold Mining
25:54 Stone Mining
30:13 Scale Barding Armor
30:19 Forging
32:08 Gold Shaft Mining
33:39 Town Patrol
33:43 Husbandry
33:47 Heavy Plow
39:47 Chain Barding Armor
40:03 Iron Casting
43:39 Imperial Age
44:39 Murder Holes
45:35 Ballistics
46:15 Chemistry
46:21 Crop Rotation
47:01 Plate Barding Armor
47:27 Blast Furnace
45:52 Cavalier
47:37 Conscription
47:54 Hoardings
47:28 Savar
Nonails
0:26 Loom
12:04 Feudal Age
13:39 Horse Collar
16:01 Castle Age
14:17 Double-Bit Axe
17:21 Gold Mining
20:23 Scale Barding Armor
22:31 Husbandry
23:29 Chain Barding Armor
24:54 Bloodlines
24:55 Fletching
27:44 Bodkin Arrow
28:01 Stone Mining
28:45 Town Watch
29:36 Wheelbarrow
33:25 Gold Mining
33:46 Bow Saw
33:37 Heavy Plow
35:40 Gold Shaft Mining
37:32 Forging
41:40 Imperial Age
40:37 Fervor
41:51 Cavalier
42:55 Heavy Scorpion
47:07 Hand Cart
46:53 Town Patrol
48:01 Plate Barding Armor
Momicchi
4:40 Loom
12:29 Feudal Age
13:57 Town Watch
14:32 Double-Bit Axe
22:29 Castle Age
22:53 Crossbowman
23:27 Fletching
28:19 Town Patrol
32:35 Bow Saw
33:15 Stone Mining
33:42 Bodkin Arrow
34:37 Gold Mining
35:26 Stone Shaft Mining
34:49 Pikeman
36:47 Padded Archer Armor
37:59 Ballistics
37:38 Murder Holes
39:28 Wheelbarrow
Golomozi
10:44 Feudal Age
14:03 Double-Bit Axe
21:56 Castle Age
23:33 Horse Collar
24:13 Fletching
25:53 Bow Saw
29:52 Pikeman
30:33 Squires
36:31 Gold Mining
39:10 Bodkin Arrow
40:51 Crossbowman
48:34 Town Watch
49:22 Elite Skirmisher
Connection lost

Rejoining the realm…

Still unreachable

The connection could not be restored.

Session expired

The server has moved on; the page needs a fresh start.